Map: Hecate LE

Players

ONSYDESolar (Solar) - Winner!

  • Race: Zerg Zerg
  • League: Master
  • Spawn Location: 1:00

GuMiho

  • Race: Terran Terran
  • Spawn Location: 7:00

VOD

Have the link to the VOD?

Description

Time

  • Played on: Dec. 11, 2023, 6:52 a.m.
  • Length: 13:40
Show
View Real Time Build Order
Export as new Build Order

ONSYDESolar Zerg - Winner!

Build Orders: Hatch First 

Get SALT Encoding   

  12  0:00  Drone  
  13  0:08  Drone  
  14  0:15  Extractor  
  14  0:16  Drone  
  15  0:36  Hatchery  
  15  0:41  Drone, Extractor  
  15  0:48  Overlord  
  15  1:02  Spawning Pool  
  14  1:06  Drone  
  14  1:09  Drone  
  16  1:12  Drone  
  16  1:17  Drone  
  18  1:26  Extractor  
  18  1:29  Drone  
  18  1:39  Drone  
  19  1:48  Queen x2  
  19  1:50  Drone  
  19  1:51  Drone  
  25  2:00  Overlord  
  25  2:02  Drone  
  26  2:12  Drone x2  
  28  2:21  Drone  
  29  2:24  Queen  
  29  2:25  Drone  
  31  2:33  Drone, Overlord  
  32  2:43  Drone x2  
  34  2:47  Hatchery  
  34  2:51  Metabolic Boost  
  33  2:54  Drone  
  34  3:00  Drone x3  
  34  3:03  Drone  
  38  3:06  Drone x2  
  38  3:07  Drone  
  38  3:11  Overlord  
  41  3:18  Drone x2  
  43  3:28  Queen  
  43  3:29  Queen  
  43  3:31  Zergling x4  
  43  3:32  Zergling x2  
  50  3:35  Overlord  
  50  3:36  Drone x2  
  52  3:43  Overlord  
  52  3:52  Overlord  
  52  3:54  Drone  
  52  3:55  Drone x3  
  56  3:59  Drone, Queen  
  56  4:02  Drone x2  
  61  4:03  Overlord  
  61  4:05  Drone x2  
  61  4:07  Drone  
  61  4:09  Drone  
  64  4:10  Drone  
  64  4:14  Queen  
  64  4:16  Overlord  
  66  4:18  Drone  
  66  4:19  Drone  
  66  4:22  Drone  
  69  4:27  Drone, Extractor  
  69  4:28  Evolution Chamber  
  69  4:29  Evolution Chamber  
  69  4:30  Drone  
  68  4:32  Drone  
  68  4:37  Drone x3, Queen  
  73  4:42  Drone x4  
  73  4:43  Drone  
  78  4:46  Overlord  
  78  4:47  Drone  
  78  4:48  Drone  
  78  4:51  Queen  
  78  4:52  Extractor  
  81  4:56  Extractor  
  81  4:57  Zerg Ground Armor Level 1  
  81  4:59  Drone, Zerg Melee Weapons Level 1  
  81  5:01  Drone x2  
  81  5:06  Zergling x8  
  87  5:12  Zergling x12  
  93  5:16  Lair  
  93  5:18  Overlord  
  93  5:20  Zergling x2  
  94  5:25  Overlord  
  92  5:29  Overlord  
  92  5:31  Overlord  
  90  5:36  Baneling Nest  
  89  5:48  Drone x3  
  89  5:49  Drone x3, Zergling x10  
  100  5:50  Zergling x4  
  101  5:57  Drone  
  101  6:01  Overlord  
  101  6:02  Drone  
  100  6:05  Drone  
  100  6:07  Hatchery, Zergling x6  
  100  6:09  Extractor  
  102  6:11  Drone  
  102  6:12  Zergling x2  
  104  6:19  Hydralisk Den, Zergling x2  
  104  6:20  Baneling x9  
  104  6:21  Baneling x2  
  104  6:22  Centrifugal Hooks  
  104  6:23  Zergling x12  
  104  6:24  Zergling x2  
  111  6:26  Drone  
  111  6:32  Overseer  
  112  6:33  Zergling x4  
  113  6:40  Drone x4  
  113  6:41  Drone  
  117  6:47  Zergling x4  
  117  6:49  Grooved Spines  
  117  6:50  Baneling x2  
  117  6:52  Overlord, Extractor  
  117  6:53  Drone x4  
  122  6:56  Overlord x2  
  122  6:57  Zerg Ground Armor Level 2  
  122  6:58  Zerg Melee Weapons Level 2  
  122  7:06  Overlord  
  122  7:08  Overlord  
  120  7:11  Drone x2  
  122  7:20  Drone x3  
  122  7:21  Drone  
  126  7:24  Hydralisk x3  
  126  7:27  Zergling x2  
  126  7:28  Zergling x4  
  134  7:31  Hydralisk x4  
  142  7:40  Zergling x6  
  142  7:41  Baneling x3  
  145  7:45  Baneling, Overlord  
  145  7:46  Baneling x5  
  145  7:52  Zergling x8  
  145  7:55  Drone x2  
  145  7:56  Drone  
  145  7:57  Infestation Pit  
  151  7:59  Hydralisk  
  151  8:00  Hydralisk x3  
  151  8:03  Overlord  
  158  8:07  Drone  
  158  8:08  Muscular Augments  
  158  8:14  Zergling x12  
  158  8:15  Overlord  
  158  8:16  Hydralisk  
  158  8:18  Baneling x6  
  165  8:21  Zergling x4  
  165  8:22  Overlord  
  165  8:23  Zergling x4  
  169  8:27  Pneumatized Carapace  
  169  8:28  Overlord, Extractor  
  169  8:33  Zergling x14  
  175  8:39  Zergling x6  
  175  8:40  Zergling x4  
  175  8:41  Hive  
  177  8:44  Hatchery  
  177  8:45  Infestor  
  165  8:48  Hydralisk x3  
  165  8:52  Overseer  
  171  8:56  Zergling x10  
  171  8:57  Zergling x2  
  171  9:01  Overseer  
  176  9:03  Hydralisk x4  
  176  9:04  Zergling x6  
  176  9:06  Zergling x6  
  189  9:12  Zergling x6  
  189  9:15  Zerg Missile Weapons Level 1  
  189  9:16  Zergling x2  
  186  9:20  Baneling x8  
  186  9:22  Zergling x8  
  174  9:25  Zergling x2  
  174  9:26  Zergling x4  
  166  9:35  Zergling x14  
  166  9:36  Zergling x2  
  169  9:43  Zergling x10  
  173  9:46  Hydralisk  
  173  9:49  Overlord  
  173  9:51  Lurker Den  
  174  9:55  Zergling x4, Adrenal Glands  
  175  10:02  Viper  
  175  10:05  Overlord  
  178  10:08  Zergling x14  
  178  10:11  Hatchery  
  178  10:12  Baneling  
  177  10:15  Zergling x10  
  177  10:17  Drone x2  
  177  10:20  Zergling x6  
  182  10:22  Baneling x9  
  182  10:27  Zergling x6  
  182  10:33  Zerg Melee Weapons Level 3  
  182  10:34  Zergling x10  
  166  10:39  Hydralisk x2  
  152  10:43  Zergling x2  
  152  10:44  Zergling x2  
  152  10:46  Drone x3  
  152  10:49  Queen  
  158  10:51  Seismic Spines, Extractor  
  158  10:56  Zergling x20  
  167  10:57  Lurker x2  
  167  11:01  Drone  
  167  11:03  Baneling x4, Spore Crawler  
  169  11:07  Zergling x12  
  174  11:14  Baneling x5  
  174  11:15  Zergling x8  
  178  11:18  Zergling x2  
  178  11:19  Zergling x2  
  178  11:24  Hydralisk x4  
  188  11:27  Overseer  
  188  11:29  Drone x5  
  193  11:34  Lurker  
  194  11:40  Baneling x3  
  194  11:42  Zergling x12  
  200  11:58  Burrow  
  200  11:59  Spore Crawler  
  194  12:04  Baneling x8  
  194  12:07  Zergling x10  
  194  12:11  Zergling x20  
  192  12:18  Hydralisk x3  
  192  12:19  Zergling x2  
  199  12:25  Hatchery  
  198  12:31  Zergling x10  
  198  12:35  Zergling x6  
  199  12:39  Baneling  
  199  12:40  Baneling x11  
  199  12:43  Zergling x2  
  199  12:47  Zergling x2  
  199  12:50  Zergling x14  
  199  12:58  Baneling x6  
  190  12:59  Zergling x18  
  191  13:07  Zergling x20  
  183  13:13  Hydralisk x2  
  183  13:15  Zergling x10  
  183  13:18  Baneling x12  
  183  13:19  Baneling x3  
  192  13:20  Zergling x2  
  192  13:26  Overseer  
Show
View Real Time Build Order
Export as new Build Order

GuMiho Terran 

Build Orders: Reaper Expand 

Get SALT Encoding   

  12  0:00  SCV  
  13  0:12  SCV  
  14  0:16  Supply Depot  
  14  0:24  SCV  
  15  0:38  SCV  
  15  0:40  Barracks  
  16  0:43  Refinery  
  16  0:50  SCV  
  17  1:02  SCV  
  18  1:14  SCV  
  19  1:26  Orbital Command, Reaper  
  20  1:38  Command Center  
  20  1:45  Supply Depot  
  20  1:52  SCV  
  21  1:58  Marine  
  22  2:04  SCV  
  23  2:09  Factory  
  23  2:16  SCV  
  23  2:19  Barracks Reactor  
  24  2:28  SCV  
  25  2:35  Command Center  
  25  2:41  SCV  
  26  2:49  Orbital Command  
  26  2:54  SCV  
  27  3:00  Hellion x2  
  31  3:06  SCV  
  31  3:07  Barracks Tech Lab  
  32  3:15  SCV  
  32  3:18  SCV  
  34  3:21  Hellion x2  
  34  3:25  Marine  
  34  3:26  Stimpack  
  39  3:27  SCV  
  39  3:30  SCV  
  39  3:34  Refinery  
  41  3:39  SCV  
  42  3:42  SCV  
  42  3:44  Marine, Barracks  
  42  3:45  Starport  
  42  3:48  Orbital Command  
  44  3:51  SCV  
  45  3:58  SCV  
  45  4:01  Supply Depot, Factory Reactor  
  45  4:02  Marine  
  47  4:04  SCV  
  48  4:10  SCV  
  48  4:15  SCV  
  48  4:16  SCV  
  51  4:20  Marine  
  51  4:22  Supply Depot  
  51  4:23  Medivac  
  55  4:24  SCV  
  55  4:25  Supply Depot  
  55  4:28  SCV  
  55  4:29  Orbital Command  
  55  4:30  Refinery  
  56  4:36  SCV  
  56  4:38  Marine x2  
  58  4:39  Marine, Hellion x2  
  58  4:40  SCV  
  65  4:46  Supply Depot  
  65  4:48  SCV  
  65  4:52  SCV  
  67  4:55  SCV, Marine  
  67  4:56  Marine x2  
  67  4:58  Starport Reactor  
  71  5:00  SCV  
  71  5:02  Engineering Bay x2  
  71  5:06  Combat Shield, SCV, Refinery  
  73  5:07  SCV  
  73  5:08  Supply Depot  
  73  5:12  SCV  
  73  5:13  Marine  
  78  5:14  Marine, Hellion x2  
  78  5:20  SCV x2  
  83  5:27  Barracks  
  81  5:28  Barracks  
  81  5:29  Barracks  
  81  5:35  Terran Infantry Weapons Level 1, Terran Infantry Armor Level 1  
  78  5:36  Marine x2  
  78  5:37  SCV  
  78  5:38  SCV  
  82  5:47  Marine  
  82  5:49  Hellion x2  
  76  5:51  Medivac  
  76  5:53  SCV x2  
  76  5:54  SCV, Marine x2  
  83  5:58  Supply Depot  
  83  6:05  SCV x2  
  83  6:06  SCV  
  83  6:08  Armory  
  83  6:10  Factory  
  86  6:14  Supply Depot  
  86  6:17  SCV, Barracks Reactor  
  86  6:18  SCV x2, Barracks Reactor x2  
  88  6:22  Medivac  
  88  6:24  Supply Depot  
  91  6:27  Marine x3  
  91  6:30  SCV x3  
  97  6:42  SCV x2  
  97  6:43  SCV, Command Center  
  97  6:46  Widow Mine x2  
  104  6:50  Supply Depot  
  104  6:51  Supply Depot  
  104  6:52  Supply Depot  
  104  6:54  SCV x2  
  106  6:55  SCV, Marine x6  
  106  6:57  Factory Tech Lab  
  106  6:59  Medivac  
  113  7:09  Marine x2  
  113  7:10  Marauder  
  113  7:13  Marine x5  
  113  7:14  Widow Mine x2  
  125  7:17  Marine  
  125  7:19  Drilling Claws  
  128  7:24  Refinery  
  128  7:25  Refinery  
  128  7:27  Marine x2  
  128  7:29  Widow Mine  
  132  7:31  Marine x2  
  132  7:32  Marine, Medivac x2  
  132  7:33  Marine  
  138  7:37  Marine x2  
  138  7:41  Marine  
  138  7:43  Widow Mine x2  
  145  7:45  Marine x2  
  145  7:49  Marauder  
  149  7:54  Marine x3  
  149  7:55  Marine  
  153  7:59  Supply Depot x2, Terran Infantry Armor Level 2, Terran Infantry Weapons Level 2  
  153  8:00  Supply Depot  
  153  8:04  Marine x2  
  153  8:05  Marine x2  
  157  8:10  Marauder  
  157  8:12  Marine x2  
  161  8:16  Marine x2  
  161  8:18  Concussive Shells  
  163  8:21  Marine x2  
  163  8:22  Widow Mine x3  
  163  8:23  Marine, Medivac x2  
  163  8:26  SCV x3  
  177  8:28  Terran Vehicle And Ship Armor Level 1  
  177  8:41  Barracks x2  
  174  8:42  Barracks  
  174  8:43  Planetary Fortress  
  171  8:51  Marine  
  171  8:52  Marine x6, Marauder  
  171  8:53  Marine  
  171  8:54  Widow Mine  
  185  8:55  Widow Mine  
  185  8:58  Widow Mine  
  187  9:09  Marine  
  188  9:12  Marine x2  
  188  9:13  Marauder  
  188  9:15  Marine x3  
  188  9:17  Marine  
  188  9:18  Marine, Medivac  
  188  9:22  Medivac  
  167  9:34  Marauder  
  167  9:37  Marine x2  
  156  9:41  Widow Mine x2  
  156  9:42  Widow Mine  
  156  9:44  Marine x4  
  156  9:45  Barracks Tech Lab, Marine x2  
  166  9:46  Barracks Tech Lab x2  
  166  9:48  Medivac  
  166  9:49  SCV x2  
  166  9:50  SCV, Command Center x2  
  166  9:52  Medivac  
  173  9:56  Marauder  
  173  9:59  Marine x2  
  171  10:01  SCV x2  
  171  10:02  SCV, Marine x4  
  171  10:03  Widow Mine  
  181  10:15  Marine  
  181  10:16  Marine x3, Marauder  
  181  10:17  Marauder  
  181  10:18  Marine x2  
  184  10:23  Terran Infantry Armor Level 3, Terran Infantry Weapons Level 3  
  184  10:26  Terran Vehicle And Ship Armor Level 2  
  183  10:30  Marine  
  183  10:33  Marine x2  
  183  10:34  Marauder x2  
  169  10:37  Marauder  
  169  10:39  Marine x4, Marauder  
  144  10:43  Marine  
  144  10:45  Widow Mine  
  144  10:48  Marine, Medivac x2  
  147  10:51  Marine x2  
  147  10:54  SCV x2  
  147  10:55  Marauder x2  
  147  10:56  Marine  
  147  10:57  Marine x3  
  156  10:59  Marauder  
  156  11:00  Marauder  
  156  11:02  Sensor Tower  
  163  11:04  Orbital Command  
  163  11:05  Marine  
  163  11:06  Marine  
  163  11:09  Marine  
  163  11:11  Marine  
  166  11:14  Marine x2  
  166  11:15  Fusion Core  
  166  11:17  Marauder x2  
  173  11:20  Ghost Academy, Marauder  
  175  11:27  Marine x3  
  175  11:28  Marine x2, Marauder  
  175  11:29  Marine, Sensor Tower  
  175  11:32  Marine x2  
  185  11:38  Planetary Fortress, Marauder  
  187  11:49  Ghost x2  
  189  11:58  Ghost  
  189  11:59  Marine, Ghost  
  189  12:00  Marine x5  
  189  12:01  Marine  
  197  12:02  Marine  
  178  12:17  Marine, Ghost  
  178  12:18  Marine x4  
  178  12:19  Marine x3, Marauder  
  178  12:21  Widow Mine  
  178  12:22  Widow Mine x2, Medivac x2  
  196  12:26  Marine  
  196  12:28  Marine  
  197  12:35  Marine  
  197  12:36  Marine x5  
  193  12:38  Marine x2, Caduceus Reactor  
  193  12:40  Marauder  
  197  12:45  Marauder  
  197  12:46  Marine  
  199  12:51  Marine  
  199  12:54  Widow Mine  
  194  12:59  Marine  
  194  13:00  Marine x2  
  194  13:01  Marauder  
  182  13:11  Marine x7, Marauder  
  152  13:17  Marine x2  
  152  13:18  Marine  
Tags
 
Add a new tag
Caveats
  • Supply blocks, unpowered buildings, or Contaminate may cause inaccurate times.
  • Supply counts are checked every 10 seconds.